 Dungeon Crawl Stone Soup version 0.27-a0-550-ge92ec0ca06 (webtiles) character file.

Game seed: 1631378587119747557

290204 sraybest the Brawler (level 19, -13/152 (201) HPs)
             Began as a Troll Fighter on Mar 8, 2021.
             Was a High Priest of Ru.
             Mangled by a white ugly thing (26 damage)
             ... on level 3 of the Vaults.
             The game lasted 01:25:29 (47126 turns).

sraybest the Brawler (Troll Fighter)               Turns: 47126, Time: 01:25:29

HP:   -13/152 (201) AC: 10    Str: 29      XL:     19   Next: 93%
MP:   18/18         EV: 17    Int:  4 (5)  God:    Ru [*****.]
Gold: 2578          SH: 22    Dex: 15      Spells: 18/18 levels left

rFire    + . .     SeeInvis .     - Unarmed
rCold    . . .     Faith    .   I - +0 tower shield {reflect}
rNeg     . . .     Spirit   .   y - +0 steam dragon scales
rPois    +         Reflect  +   i - +0 hat
rElec    .         Harm     .   r - +2 cloak of Maahuih {Rampage +Inv rPois Int-5}
rCorr    +         Rampage  +   (gloves unavailable)
Will     +....                  (boots unavailable)
Stlth    ..........             N - amulet of regeneration
HPRegen  2.35/turn              D - ring of the Sun {rF+ Int+6}
MPRegen  0.16/turn              d - ring of resist corrosion

@: marked, slowed, studying Ice Magic, heavily drained, very slow
A: large, unfitting armour, claws 3, regeneration 1, shaggy fur 1, tough skin 1,
no stealth, inability to use devices, hated by all, inability to train armour,
no air magic, no hexes magic, no necromancy magic
}: 2/15 runes: decaying, serpentine
a: Renounce Religion, Draw Out Power, Power Leap, Apocalypse


You were on level 3 of the Vaults.
You worshipped Ru.
Ru was extremely pleased with you.
You visited 7 branches of the dungeon, and saw 35 of its levels.
You also visited: Sewer, Ossuary, Bailey and Ice Cave.

You collected 3847 gold pieces.
You spent 1269 gold pieces at shops.

Inventory:

Armour
 i - a +0 hat (worn)
 r - the +2 cloak of Maahuih (worn) {Rampage +Inv rPois Int-5}
   (You found it on level 2 of the Snake Pit)

   It affects your intelligence (-5).
   It protects you from poison.
   It lets you turn invisible.
   It bestows one free step when moving towards enemies.
 y - +0 steam dragon scales (worn)
 I - a +0 tower shield of reflection (worn)
Jewellery
 d - a ring of resist corrosion (right claw)
 D - the ring of the Sun (left claw) {rF+ Int+6}
   (You acquired it on level 2 of the Swamp)

   [ring of intelligence]

   It affects your intelligence (+6).
   It protects you from fire.
 N - an amulet of regeneration (around neck)
Scrolls
 a - 7 scrolls of vulnerability
 b - 10 scrolls of teleportation
 c - 3 scrolls of summoning
 e - 2 scrolls of noise
 h - 5 scrolls of immolation
 j - 7 scrolls of enchant weapon
 n - 5 scrolls of enchant armour
 q - a scroll of fear
 s - 3 scrolls of brand weapon
 u - 4 scrolls of random uselessness
 A - 5 scrolls of fog
 B - a scroll of magic mapping
 F - 2 scrolls of silence
 H - 21 scrolls of identify
 J - a scroll of blinking
 L - 4 scrolls of amnesia
 M - a scroll of torment
 S - 2 scrolls of holy word
Potions
 f - 7 potions of invisibility
 k - 8 potions of curing
 l - 4 potions of flight
 m - 12 potions of lignification
 o - 2 potions of berserk rage
 p - 5 potions of attraction
 t - 2 potions of resistance
 v - 7 potions of mutation
 w - 4 potions of degeneration
 x - a potion of degeneration
 z - 7 potions of cancellation
 C - 5 potions of brilliance
 G - a potion of mutation
 K - a potion of cancellation
 Q - 5 potions of ambrosia


   Skills:
 - Level 15.0 Fighting
 - Level 15.0 Dodging
 - Level 15.0 Shields
 + Level 19.5 Unarmed Combat


You had 18 spell levels left.
You didn't know any spells.
Your spell library contained the following spells:

 Spells                   Type           Power      Damage    Failure   Level
 Foxfire                  Conj/Fire      0%         2x1d4     50%         1
 Magic Dart               Conj           0%         1d3       50%         1
 Sting                    Tmut/Pois      0%         1d3       50%         1
 Blink                    Tloc           N/A        N/A       65%         2
 Searing Ray              Conj           0%         3d3       65%         2
 Conjure Flame            Conj/Fire      0%         6-21      86%         3
 Ignite Poison            Fire/Tmut/Pois 0%         N/A       86%         3
 Iskenderun's Mystic Bla  Conj/Tloc      0%         2d3       99%         4
 Olgreb's Toxic Radiance  Pois           0%         N/A       99%         4
 Bolt of Magma            Conj/Fire/Erth 0%         4d4       100%        5
 Iron Shot                Conj/Erth      0%         9d1       100%        6
 Statue Form              Tmut/Erth      0%         N/A       100%        6
 Dragon Form              Tmut           0%         N/A       100%        7
 Shatter                  Erth           0%         3d5*      100%        9
 Call Imp                 Summ           Unusable   N/A       N/A         2
 Corpse Rot               Necr/Air       Unusable   N/A       N/A         2
 Poisonous Vapours        Pois/Air       Unusable   N/A       N/A         2
 Slow                     Hex            Unusable   N/A       N/A         2
 Sublimation of Blood     Necr           Unusable   N/A       N/A         2
 Dazzling Flash           Conj/Hex       Unusable   N/A       N/A         3
 Mephitic Cloud           Conj/Pois/Air  Unusable   N/A       N/A         3
 Animate Armour           Summ/Erth      Unusable   N/A       N/A         4
 Cause Fear               Hex            Unusable   N/A       N/A         4
 Dispel Undead            Necr           Unusable   3d6       N/A         4
 Fulminant Prism          Conj/Hex       Unusable   3d6       N/A         4
 Leda's Liquefaction      Hex/Erth       Unusable   N/A       N/A         4
 Agony                    Necr           Unusable   N/A       N/A         5
 Excruciating Wounds      Necr           Unusable   N/A       N/A         5
 Silence                  Hex/Air        Unusable   N/A       N/A         5
 Yara's Violent Unravell  Hex/Tmut       Unusable   3d3       N/A         5
 Discord                  Hex            Unusable   N/A       N/A         8
 Dragon's Call            Summ           Unusable   N/A       N/A         9

Dungeon Overview and Level Annotations

Branches:
Dungeon (15/15)            Temple (1/1) D:5            Lair (6/6) D:11
  Swamp (4/4) Lair:2        Snake (4/4) Lair:2        Slime (0/5) Lair:5
    Orc (2/2) D:12            Elf (0/3) Orc:2        Vaults (3/5) D:13
  Crypt (0/3) Vaults:2     Depths (0/5) D:15          Sewer (visited)
Ossuary (visited)          Bailey (visited)           IceCv (visited)

Altars:
Ashenzari
Cheibriados
Dithmenos
Elyvilon
Fedhas
Gozag
Hepliaklqana
Kikubaaqudgha
Makhleb
Nemelex Xobeh
Okawaru
Qazlal
Ru
Sif Muna
Trog
Uskayaw
Vehumet
Wu Jian
Xom
Yredelemnul
Zin
The Shining One
Beogh
Jiyva

Shops:
Orc:2 [*(   Vaults:3 *


Innate Abilities, Weirdness & Mutations

You are too large for most types of armour.
You have claws for hands.
Your natural rate of healing is unusually fast.
You are covered in fur. (AC +1)
You have tough skin. (AC +1)
You cannot be stealthy.
You cannot study or use magical devices.
You are hated by all.
You cannot train Armour skill.
You cannot study or cast Air magic.
You cannot study or cast Hexes magic.
You cannot study or cast Necromancy magic.


Message History

You are too injured to fight recklessly!
You are too injured to fight recklessly!
You are too injured to fight recklessly!
You are too injured to fight recklessly!
You are too injured to fight recklessly!
You are too injured to fight recklessly!
You are too injured to fight recklessly!
You are too injured to fight recklessly!
You are too injured to fight recklessly!
You are too injured to fight recklessly!
You are too injured to fight recklessly!
You are too injured to fight recklessly!
You are too injured to fight recklessly!
You are too injured to fight recklessly!
You are too injured to fight recklessly!
You are too injured to fight recklessly!
You are too injured to fight recklessly!
You are too injured to fight recklessly!
You are too injured to fight recklessly!
You are too injured to fight recklessly!
You are too injured to fight recklessly!
You are too injured to fight recklessly!
You closely miss the white ugly thing.
You block the white ugly thing's attack.
You barely miss the white ugly thing.
You block the white ugly thing's attack.
The brown ugly thing basks in the mutagenic energy from its kin and changes!
The white ugly thing misses you.
You block the white ugly thing's attack.
The white ugly thing is stunned by your conviction and fails to attack.
You scratch the white ugly thing but do no damage.
The white ugly thing bites you. The white ugly thing freezes you!!
The white ugly thing claws you. The white ugly thing freezes you!!
* * * LOW HITPOINT WARNING * * *
You focus your inner power and paralyse the white ugly thing in retribution!
The white ugly thing is stunned by your conviction and fails to attack.
The white ugly thing bites you.
* * * LOW HITPOINT WARNING * * *
The white ugly thing freezes you!!
You die...

*********###*##**#***
*,**.##.##.##.##.##.*
*,,.........uu.....(*
*,,.8..8....@8..8...* ******
*,,.........uu......* *,,,,*
*,*#.##.##.##.##.##.* *,,,,*
***#**#+*#+#*+#*+#******,,,,*
*,,,,,,,,,,,,,,,,,,,,,,,,
*,,,,,,,,,,,,,,,,,,,,,,,,
*,,,,,,,,********,,,,,,,*
*,,,,,,,,*,,,,,,*,,,,,,,*
*,,,,,,,,*,,,,,,*,,,,,,,*


You could see 4 ugly things.

Vanquished Creatures
  Rupert (D:15)
  The ghost of Demosthentine the Impaler, an adept MfGl of the Shining One (Swamp:4)
  The ghost of Demosthentine the Impaler, an adept MfGl of the Shining One (Orc:2)
  2 thorn hunters (Swamp:3)
  Roxanne (D:14)
  A fenstrider witch (Swamp:1)
  A frost giant (Vaults:2)
  Donald (Orc:2)
  A deep elf sorcerer (Vaults:1)
  A fire giant (Vaults:2)
  10 nagarajas
  5 vault wardens
  4 ironheart preservers
  2 stone giants
  A very ugly thing (Vaults:2)
  3 bunyips
  A crystal guardian (Vaults:3)
  An ettin (Vaults:3)
  A deep elf death mage (Vaults:1)
  4 eleionomae
  3 yaktaur captains (Vaults:1)
  A shambling mangrove (Swamp:4)
  2 fire dragons
  17 hydras
  Josephine (D:15)
  A jiangshi (Vaults:2)
  A spriggan air mage (Swamp:4)
  Harold (Orc:1)
  2 rakshasas (Vaults:1)
  7 vault guards
  Erica (D:11)
  2 boulder beetles
  17 naga warriors
  13 anacondas
  7 ogre magi
  6 centaur warriors
  A catoblepas (D:14)
  18 two-headed ogres
  11 alligators
  5 death yaks
  A tengu warrior (D:15)
  7 orc high priests (Orc:2)
  10 naga sharpshooters
  A vampire mage (Vaults:2)
  A spriggan berserker (Swamp:4)
  14 spriggans
  11 shock serpents
  A hell knight (Vaults:2)
  3 deep elf knights
  6 skeletal warriors
  Sonja (Lair:6)
  7 goliath frogs
  3 unseen horrors
  3 glowing orange brains
  2 salamander mystics
  9 sea snakes (Snake:4)
  6 spriggan druids
  6 naga ritualists
  A deep elf archer (Vaults:1)
  9 swamp dragons
  An obsidian statue (Vaults:1)
  Pikel (D:5)
  6 ironbrand convokers
  5 deep elf pyromancers
  2 bog bodies
  3 wizards
  2 deep elf zephyrmancers
  3 wolf spiders
  8 mana vipers
  A necromancer (Vaults:3)
  2 oklob plants (Lair:2)
  4 lindwurms
  9 harpies (Vaults:1)
  4 orc knights
  A wolf spider zombie (D:15)
  A wolf spider (shapeshifter) (D:15)
  7 will-o-the-wisps
  11 elephants
  5 manticores
  8 cyclopes
  13 salamanders
  2 centaur zombies
  A moth of wrath (shapeshifter) (Vaults:2)
  2 moths of wrath (Swamp:4)
  34 ugly things
  12 naga magi
  Maurice (D:12)
  3 ice statues (IceCv)
  43 black mambas
  2 gargoyles
  7 guardian serpents
  3 molten gargoyles (Lair:6)
  A torpor snail (Lair:3)
  6 vault sentinels
  2 centaur skeletons
  5 orange demons (D:14)
  8 cane toads
  7 rime drakes
  9 yaktaurs
  An efreet (D:14)
  2 freezing wraiths
  A tengu conjurer (D:15)
  17 komodo dragons
  A tengu simulacrum (Vaults:3)
  A bloated husk (Swamp:2)
  A polar bear (Lair:4)
  4 red devils (D:14)
  A meliai (shapeshifter) (D:15)
  A queen bee (Lair:2)
  9 trolls
  8 tyrant leeches
  13 slime creatures
  10 hornets
  39 blink frogs
  3 dream sheep (Lair:3)
  5 wraiths (D:15)
  39 yaks
  10 wyverns
  2 shadows
  9 basilisks
  A human (shapeshifter) (Vaults:1)
  7 steam dragons
  A hog (shapeshifter) (Vaults:2)
  25 vampire mosquitoes
  6 wargs
  A harpy simulacrum (D:15)
  54 nagas
  11 swamp worms
  2 acid dragons
  21 water moccasins
  4 hell hounds (Lair:6)
  Duvessa (D:5)
  A hornet zombie (D:15)
  2 sky beasts
  7 ice beasts
  2 black bears
  6 swamp drakes
  2 eyes of draining
  17 orc warriors
  23 ogres
  19 wolves
  3 boggarts (Vaults:3)
  A spectral cyclops (Orc:2)
  11 centaurs
  A human skeleton (Vaults:3)
  3 phantoms
  2 lemures (D:5)
  2 human zombies (Vaults:3)
  Blork the orc (D:5)
  2 kobold brigands
  A gnoll sergeant (D:7)
  21 bullfrogs
  Dowan (D:5)
  A glowing shapeshifter simulacrum (Vaults:1)
  A wyvern skeleton (D:12)
  5 scorpions
  28 killer bees (Lair:2)
  18 wights
  An electric eel (Lair:6)
  2 howler monkeys
  5 lava snakes (Lair:6)
  2 quasits
  33 orc priests
  3 jellies
  9 hounds
  Crazy Yiuf (D:7)
  5 bullfrog skeletons
  5 iguanas
  9 orc wizards
  15 worker ants
  2 hound skeletons
  10 mummies
  2 spectral orcs (Orc:2)
  2 worker ant zombies
  6 gnolls
  21 adders
  3 river rats (D:3)
  2 shadow imps
  4 white imps
  2 ufetubi
  4 worms
  3 dart slugs
  2 orc simulacra (Orc:2)
  7 leopard geckos
  92 orcs
  9 giant cockroaches
  5 goblins
  10 hobgoblins
  3 jackals (D:6)
  6 quokkas
  9 ball pythons
  8 bats
  7 frilled lizards
  2 gnoll zombies (Ossuary)
  A hobgoblin zombie (Ossuary)
  A jackal skeleton (D:8)
  15 kobolds
  4 kobold zombies
  2 leopard gecko skeletons (D:4)
  5 orc zombies
  A quokka skeleton (D:6)
  9 rats
  12 briar patches (Swamp:3)
1360 creatures vanquished.

Vanquished Creatures (others)
  An ice dragon (Vaults:1)
  5 hydras
  2 alligators (Swamp:1)
  An orc high priest (Orc:2)
  A salamander mystic (Snake:4)
  A mana viper (Snake:3)
  A harpy (Vaults:1)
  2 black mambas
  A yaktaur (Vaults:2)
  4 bloated husks
  3 vampire mosquitoes (Swamp:1)
  2 swamp worms
  A naga (Snake:4)
  A sky beast (D:11)
  An ogre (Vaults:3)
  An ice beast (IceCv)
  An orc wizard (Orc:1)
  An orc simulacrum (Orc:2)
  An orc (Orc:1)
  A giant cockroach (D:8)
  A briar patch (Swamp:3)
  43 foxfires
  46 fungi
  79 plants
201 creatures vanquished.

Grand Total: 1561 creatures vanquished

Notes
Turn   | Place    | Note
-------+----------+-------------------------------------------
     0 | D:1      | sraybest the Troll Fighter began the quest for the Orb.
     0 | D:1      | Reached XP level 1. HP: 22/22 MP: 0/0
   195 | D:1      | Reached XP level 2. HP: 28/29 MP: 1/1
   305 | D:1      | Reached skill level 3 in Unarmed Combat
   887 | D:2      | Found a blossoming altar of Fedhas.
  1038 | D:2      | Reached XP level 3. HP: 35/36 MP: 2/2
  1811 | D:3      | Found an ancient bone altar of Kikubaaqudgha.
  1851 | D:3      | Reached skill level 4 in Unarmed Combat
  2144 | D:3      | Reached XP level 4. HP: 25/44 MP: 1/3
  2194 | D:3      | Reached skill level 5 in Unarmed Combat
  2215 | D:3      | Found a glowing drain.
  2221 | Sewer    | Entered a sewer
  2242 | Sewer    | Reached XP level 5. HP: 50/50 MP: 4/4
  2447 | Sewer    | Reached skill level 6 in Unarmed Combat
  2450 | Sewer    | Reached XP level 6. HP: 54/59 MP: 3/5
  2963 | D:4      | Found Nupnoaph's Magic Scroll Shoppe.
  2970 | D:4      | Bought a scroll of identify for 26 gold pieces
  2970 | D:4      | Bought a scroll of identify for 26 gold pieces
  2970 | D:4      | Bought 2 scrolls of identify for 52 gold pieces
  3065 | D:4      | Reached skill level 7 in Unarmed Combat
  3643 | D:5      | Entered Level 5 of the Dungeon
  3662 | D:5      | Found a staircase to the Ecumenical Temple.
  3731 | D:5      | Reached XP level 7. HP: 66/66 MP: 6/6
  3760 | D:5      | Noticed Blork the orc
  3772 | D:5      | Killed Blork the orc
  3773 | D:5      | Reached skill level 8 in Unarmed Combat
  3827 | D:5      | Noticed Dowan
  3828 | D:5      | Found a sand-covered staircase.
  3828 | D:5      | Noticed Duvessa
  3835 | D:5      | Noticed Pikel
  3836 | D:5      | Killed Duvessa
  3848 | D:5      | Killed Pikel
  3849 | D:5      | Reached skill level 10 in Unarmed Combat
  3849 | D:5      | Reached XP level 8. HP: 74/74 MP: 7/7
  3857 | D:5      | Killed Dowan
  3909 | Ossuary  | Entered an ossuary
  4113 | Temple   | Entered the Ecumenical Temple
  4121 | Temple   | Became a worshipper of Ru the Awakened
  4480 | D:6      | You fall into a shaft and drop 2 floors!
  4487 | D:8      | Reached skill level 5 in Shields
  4640 | D:8      | Reached XP level 9. HP: 80/80 MP: 8/8
  4805 | D:6      | Gained mutation: You cannot study or use magical devices.
                  | [Ru sacrifice]
  4805 | D:6      | Reached * piety under Ru
  4805 | D:6      | Reached ** piety under Ru
  4859 | D:6      | Found a snail-covered altar of Cheibriados.
  5630 | D:7      | Found a runed translucent door.
  5631 | D:7      | Noticed Crazy Yiuf
  5792 | D:7      | Killed Crazy Yiuf
  6040 | D:8      | Reached XP level 10. HP: 88/88 MP: 9/9
  6108 | D:8      | Found a shimmering altar of Xom.
  6108 | D:8      | Found a white marble altar of Elyvilon.
  6450 | D:9      | Found a shadowy altar of Dithmenos.
  6609 | D:9      | Gained mutation: You cannot study or cast Air magic. [Ru
                  | sacrifice]
  6609 | D:9      | Gained mutation: You cannot study or cast Hexes magic. [Ru
                  | sacrifice]
  6609 | D:9      | Gained mutation: You cannot study or cast Necromancy magic.
                  | [Ru sacrifice]
  6609 | D:9      | Reached *** piety under Ru
  7058 | D:10     | Entered Level 10 of the Dungeon
  7088 | D:10     | Reached skill level 10 in Shields
  7879 | D:11     | Noticed a brown ugly thing
  7879 | D:11     | Noticed a manticore
  7891 | D:11     | Noticed Erica
  7899 | D:10     | Killed a brown ugly thing
  7900 | D:10     | Reached XP level 11. HP: 85/94 MP: 10/10
  8596 | D:11     | Killed Erica
  8770 | D:11     | Gained mutation: You cannot be stealthy. [Ru sacrifice]
  8770 | D:11     | Reached **** piety under Ru
  8807 | D:11     | Noticed a death yak
  8950 | D:11     | Noticed a death yak
  8950 | D:11     | Noticed a death yak
  8951 | D:11     | Noticed a death yak
  8952 | D:11     | Noticed a death yak
  8978 | D:10     | Killed a death yak
  9330 | D:11     | Killed a death yak
  9341 | D:11     | Killed a death yak
  9356 | D:11     | Killed a death yak
  9363 | D:11     | Killed a death yak
  9409 | D:11     | Found a staircase to the Lair.
  9591 | D:12     | Found a flagged portal.
  9610 | Bailey   | Entered a bailey
  9720 | Bailey   | Noticed an orc knight
  9720 | Bailey   | Noticed an orc knight
  9720 | Bailey   | Noticed an orc knight
  9881 | Bailey   | Identified the amulet "Viyrror" {Reflect +Blink rPois Dex+3
                  | SH+5}
 10256 | D:12     | Found a stormy altar of Qazlal.
 10405 | D:12     | Reached XP level 12. HP: 75/104 MP: 11/11
 10454 | D:12     | Noticed Maurice
 10563 | D:12     | Paralysed by Maurice for 7 turns
 10575 | D:12     | Paralysed by Maurice for 7 turns
 10587 | D:12     | Paralysed by something for 2 turns
 10596 | D:12     | Found a staircase to the Orcish Mines.
 10626 | D:12     | Gained mutation: You cannot train Armour skill. [Ru
                  | sacrifice]
 10626 | D:12     | Reached ***** piety under Ru
 10630 | D:12     | Killed Maurice
 11414 | Orc:1    | Entered Level 1 of the Orcish Mines
 11425 | Orc:1    | Noticed Harold
 11571 | Orc:1    | Killed Harold
 11978 | Orc:2    | Entered Level 2 of the Orcish Mines
 12053 | Orc:2    | Found a staircase to the Elven Halls.
 12070 | Orc:2    | Noticed an orc high priest
 12085 | Orc:2    | Killed an orc high priest
 12086 | Orc:2    | Reached skill level 15 in Shields
 12098 | Orc:2    | Noticed an orc high priest
 12453 | Orc:2    | Noticed an orc high priest
 12462 | Orc:2    | Killed an orc high priest
 12467 | Orc:2    | Killed an orc high priest
 13153 | Orc:2    | Noticed an orc high priest
 13156 | Orc:2    | Noticed an orc high priest
 13524 | Orc:2    | Killed an orc high priest
 13525 | Orc:2    | Reached skill level 5 in Fighting
 13527 | Orc:2    | Killed an orc high priest
 14005 | Orc:2    | Noticed an orc high priest
 14024 | Orc:2    | Killed an orc high priest
 14065 | Orc:2    | Noticed Donald
 14080 | Orc:2    | Killed Donald
 14124 | Orc:2    | Noticed an orc high priest
 14134 | Orc:2    | Killed an orc high priest
 14190 | Orc:2    | Found Jihamo Puse's General Store.
 14190 | Orc:2    | Found Xayprytu's Antique Weapon Shoppe.
 14196 | Orc:2    | Bought a scroll of identify for 24 gold pieces
 14196 | Orc:2    | Bought a scroll of summoning for 114 gold pieces
 14196 | Orc:2    | Bought a potion of haste for 120 gold pieces
 14196 | Orc:2    | Bought a scroll of identify for 24 gold pieces
 14196 | Orc:2    | Bought a potion of curing for 36 gold pieces
 14327 | Orc:2    | Noticed an orc high priest
 14335 | Orc:2    | Killed an orc high priest
 14336 | Orc:2    | Reached XP level 13. HP: 96/124 MP: 12/12
 14427 | Orc:2    | Found a runed translucent gate.
 14512 | Orc:2    | Found a runed translucent gate.
 14512 | Orc:2    | Found a runed translucent gate.
 14574 | Orc:2    | Found Laloyn's Distillery.
 14574 | Orc:2    | Found Umoydgh's Antique Armour Shoppe.
 14580 | Orc:2    | Bought a potion of degeneration for 12 gold pieces
 14580 | Orc:2    | Bought a potion of invisibility for 96 gold pieces
 14580 | Orc:2    | Bought a potion of mutation for 96 gold pieces
 14580 | Orc:2    | Bought a potion of heal wounds for 60 gold pieces
 14580 | Orc:2    | Bought a potion of heal wounds for 60 gold pieces
 14580 | Orc:2    | Bought a potion of lignification for 36 gold pieces
 14580 | Orc:2    | Bought a potion of curing for 36 gold pieces
 14580 | Orc:2    | Bought a potion of attraction for 36 gold pieces
 14580 | Orc:2    | Bought a potion of heal wounds for 60 gold pieces
 14580 | Orc:2    | Bought a potion of cancellation for 96 gold pieces
 14713 | Orc:2    | Noticed Demosthentine's ghost (adept MfGl)
 14800 | Orc:2    | Killed Demosthentine's ghost
 15023 | D:4      | Bought a scroll of teleportation for 39 gold pieces
 15023 | D:4      | Bought a scroll of fog for 26 gold pieces
 15023 | D:4      | Bought a scroll of identify for 26 gold pieces
 15023 | D:4      | Bought a scroll of amnesia for 45 gold pieces
 15023 | D:4      | Bought a scroll of identify for 26 gold pieces
 15023 | D:4      | Bought a scroll of torment for 97 gold pieces
 15166 | Lair:1   | Entered Level 1 of the Lair of Beasts
 16408 | Lair:2   | Found a staircase to the Snake Pit.
 16603 | Lair:2   | Reached skill level 10 in Fighting
 16822 | Lair:2   | Found a staircase to the Swamp.
 17097 | Lair:2   | Reached skill level 11 in Unarmed Combat
 17890 | Lair:3   | Reached skill level 12 in Unarmed Combat
 17933 | Lair:3   | Reached XP level 14. HP: 107/111 MP: 4/13
 19643 | Lair:5   | Reached skill level 13 in Unarmed Combat
 20013 | Lair:5   | Found a viscous altar of Jiyva.
 20013 | Lair:5   | Found a staircase to the Slime Pits.
 20157 | Lair:5   | Reached skill level 14 in Unarmed Combat
 20536 | Lair:6   | Entered Level 6 of the Lair of Beasts
 20823 | Lair:6   | Found a large runed translucent door.
 20825 | Lair:6   | Found a large runed translucent door.
 20855 | Lair:6   | Reached skill level 15 in Unarmed Combat
 21523 | Lair:6   | Noticed Sonja
 21544 | Lair:6   | Killed Sonja
 22338 | D:13     | Reached skill level 5 in Dodging
 22380 | D:13     | Reached XP level 15. HP: 109/149 MP: 14/14
 22399 | D:13     | Found a frozen archway.
 22408 | IceCv    | Entered an ice cave
 23002 | IceCv    | Identified the +2 mace of the Bespelling Vulture {pain,
                  | rPois Str-4 SInv}
 23287 | D:13     | Found a gate to the Vaults.
 23991 | D:14     | Noticed Roxanne
 24013 | D:14     | Killed Roxanne
 24519 | D:14     | Reached skill level 10 in Dodging
 24600 | D:15     | Entered Level 15 of the Dungeon
 24718 | D:15     | Gained mutation: You are hated by all. [Ru sacrifice]
 25056 | D:15     | Noticed Josephine
 25065 | D:15     | Killed Josephine
 25113 | D:15     | Reached XP level 16. HP: 158/162 MP: 15/15
 25422 | D:15     | Noticed Rupert
 25425 | D:15     | Paralysed by Rupert for 2 turns
 25430 | D:15     | Killed Rupert
 25579 | D:15     | Found a staircase to the Depths.
 26182 | Snake:1  | Entered Level 1 of the Snake Pit
 31648 | Snake:2  | Found a radiant altar of Vehumet.
 31717 | Snake:2  | Identified the +2 cloak of Maahuih {Rampage +Inv rPois
                  | Int-5}
 34994 | Snake:3  | Reached XP level 17. HP: 139/141 MP: 16/16
 35957 | Snake:3  | Reached skill level 15 in Fighting
 36048 | Snake:3  | Identified the +0 chain mail of an ice cave {SInv}
 36155 | Snake:3  | Found a sparkling altar of Nemelex Xobeh.
 36260 | Snake:3  | Identified the +1 chain mail of Enkahips {*Slow +Fly Str+4}
 36330 | Snake:4  | Entered Level 4 of the Snake Pit
 37520 | Snake:4  | Found a shimmering blue altar of Sif Muna.
 38392 | Snake:4  | Got a serpentine rune of Zot
 38555 | Swamp:1  | Entered Level 1 of the Swamp
 39018 | Swamp:1  | Reached XP level 18. HP: 105/177 MP: 8/17
 40416 | Swamp:2  | Identified a scroll of acquirement
 40418 | Swamp:2  | Acquired the ring of the Sun {rF+ Int+6}
 42157 | Swamp:4  | Entered Level 4 of the Swamp
 42791 | Swamp:4  | Reached skill level 15 in Dodging
 42824 | Swamp:4  | Found a transporter.
 42828 | Swamp:4  | Identified the +1 robe "Damnable Contraption" {rPois rF++
                  | Regen+ SInv}
 43174 | Swamp:4  | Got a decaying rune of Zot
 43294 | Swamp:4  | Noticed Demosthentine's ghost (adept MfGl)
 43299 | Swamp:4  | Identified the +9 morningstar of Understanding {antimagic,
                  | +Inv Will+ Int-2}
 43301 | Swamp:4  | Found a bloodstained altar of Trog.
 43330 | Swamp:4  | Found a transporter.
 43638 | Swamp:4  | Reached skill level 16 in Unarmed Combat
 43651 | Swamp:4  | Killed Demosthentine's ghost
 43920 | Vaults:1 | Entered Level 1 of the Vaults
 44458 | Vaults:1 | Reached XP level 19. HP: 176/180 MP: 18/18
 44729 | Vaults:1 | Found a transporter.
 44739 | Vaults:1 | Found a transporter.
 45037 | Vaults:1 | Reached skill level 17 in Unarmed Combat
 45645 | Vaults:2 | Paralysed by an ogre mage for 3 turns
 45941 | Vaults:2 | Reached skill level 18 in Unarmed Combat
 46768 | Vaults:2 | Reached skill level 19 in Unarmed Combat
 46784 | Vaults:2 | Found a staircase to the Crypt.
 47099 | Vaults:3 | Paralysed by something for 3 turns
 47103 | Vaults:3 | Found Meusem's General Store.
 47126 | Vaults:3 | Mangled by a white ugly thing

Illustrated notes

Levels and vault maps discovered:
D:1:      minmay_arrival_checkered_box, layout_loops_corners
D:2:      layout_loops_corners, fedhas_altar_1, minmay_surrounded
D:3:      layout_basic, overflow_temple_1_default, lightli_sewer_entry_pipes
D:4:      layout_loops_corners, serial_shops, nicolae_shop_stone
D:5:      layout_basic, temple_pool_b, nicolae_ossuary_entry_ruins, uniq_pikel,
          uniq_blork_the_orc, uniq_duvessa
D:6:      layout_loops_ring, slow_altar_1
D:7:      layout_cave_pools, uniq_crazy_yiuf_cottage
D:8:      layout_basic, gammafunk_temple_overflow_wave,
          hangedman_decor_peaks_small, minmay_mini_ossuary
D:9:      layout_basic, nicolae_dithmenos_the_darkroom, interstate_on_off
D:10:     layout_loops_ring
D:11:     layout_basic, dpeg_lair_monsters, uniq_erica
D:12:     layout_cave_pools, orc_0_dummy, enter_bailey_4,
          serial_co_window_serial, co_window_paths_b, co_window_paths_a,
          co_window_paths_b, co_window_corner_a, co_window_corner_a,
          co_window_of_opportunity_c, co_window_corner_b, co_window_paths_c,
          co_window_corner_b, co_window_corner_b, co_window_of_opportunity_b,
          co_window_broadway_b, glass_columns_c, glass_columns_a,
          chequers_decorated_corner, grunt_ministairs_6,
          nicolae_qazlal_eye_of_the_storm, uniq_maurice
D:13:     layout_loops_cross, lightli_vaults_fourway_checkpoint,
          portal_ice_cave_entry_pillars_2, minmay_misc_feat_iff
D:14:     layout_roguey, hangedman_decor_cross_pass, minmay_beelzebubs_servants,
          uniq_roxanne
D:15:     gammafunk_enter_depths_forms, layout_irregular_city,
          amcnicky_mini_pool_small, amcnicky_mini_corridor_feature, uniq_rupert,
          uniq_josephine
Temple:   nicolae_temple_x_marks_the_god
Lair:1:   layout_gridlike, grunt_megastairs_2, infiniplex_staircase_pool_2
Lair:2:   regret_index_harrowing_hell_hive, layout_regular_city,
          skrybe_swamp_entry_bodies, minmay_snake_entry_six_corridors,
          columned_hall_lemuel
Lair:3:   layout_regular_city, grunt_megastairs_4
Lair:4:   layout_regular_city, serial_rivers, chequers_serial_rivers_large_a,
          chequers_serial_rivers_room_a, chequers_serial_rivers_micro_c,
          chequers_serial_rivers_micro_e, chequers_serial_rivers_small_b,
          chequers_serial_rivers_micro_b
Lair:5:   layout_gridlike, dpeg_slime_entry_enclosed_altar
Lair:6:   cheibrodos_lair_end_hotspot, layout_cave_pods,
          chequers_serial_rivers_marsh, chequers_serial_rivers_small_3,
          serial_bayou_shore_a, uniq_sonja
Swamp:1:  layout_falls_marsh, hangedman_swamp_ruin_wall, swamp_pool3,
          infiniplex_staircase_pool
Swamp:2:  layout_basic_swamp, serial_swamp_ruin, evilmike_swamp_ruin_house_1,
          evilmike_swamp_ruin_house_2
Swamp:3:  layout_basic_swamp, evilmike_swamp_ruin_house_6, swamp_pool3
Swamp:4:  swamp_alternative, layout_basic_swamp,
          gammafunk_ghost_wrathful_warriors, swamp_pool1
Snake:1:  layout_gridlike, drop_trap
Snake:2:  layout_chambers, basic_altar, st_stairs_5
Snake:3:  layout_rooms, basic_altar
Snake:4:  grunt_snake_rune_pools, layout_layer_cave, basic_altar, drop_trap
Orc:1:    layout_caves, uniq_harold
Orc:2:    st_orc_town, layout_caves, gammafunk_ghost_necromancy, uniq_donald
Vaults:1: ontoclasm_vaults_chip, vaults_room_semicircle, gammafunk_sealed_arena,
          v_alt_pattern_1, vaults_mumra_chevron, vaults_dpeg_diagonal,
          vaults_room_pool, layout_vaults_quadrants
Vaults:2: vaults_dpeg_hooks, nicolae_vaults_network_star,
          nicolae_vaults_big_angled_halls, minmay_crypt_entry_simple_corners,
          nicolae_vaults_little_squares_1, ontoclasm_vaults_chip,
          nicolae_vaults_asterisk, ontoclasm_vaults_shout,
          vaults_room_door_hall, ontoclasm_vaults_eye, vaults_room_hallway,
          layout_vaults_omnibox
Vaults:3: ontoclasm_vaults_ring_square, nicolae_vaults_triangles, v_pattern_4,
          grunt_vaults_hallway_long, nicolae_vaults_diagonal_hallway_7,
          vaults_room_mumra_shop_pool, nicolae_vaults_little_squares_1,
          ontoclasm_vaults_chip, vaults_mumra_hex, layout_vaults_omnicross,
          portal_desolation_entry_garden, serial_shops, shop

Skill      XL: |  1  2  3  4  5  6  7  8  9 10 11 12 13 14 15 16 17 18 19 |
---------------+----------------------------------------------------------+-----
Unarmed Combat | 3 4 5 6 7 10 12 15 16 19 | 19.5
Shields        | 5 9 11 14 15 | 15.0
Fighting       | 7 10 11 14 15 | 15.0
Dodging        | 5 10 13 15 | 15.0

Action                   |  1- 3 |  4- 6 |  7- 9 | 10-12 | 13-15 | 16-18 | 19-21 || total
-------------------------+-------+-------+-------+-------+-------+-------+-------++-------
Melee: Unarmed           |   118 |   130 |   292 |   769 |  1438 |  1292 |   514 ||  4553
Invok: Sacrifice Artific |       |       |     1 |       |       |       |       ||     1
       Sacrifice Arcana  |       |       |       |     1 |       |       |       ||     1
       Power Leap        |       |       |       |     2 |       |       |       ||     2
       Sacrifice Stealth |       |       |       |     1 |       |       |       ||     1
       Apocalypse        |       |       |       |     4 |    10 |    24 |     6 ||    44
       Reject Sacrifices |       |       |       |     1 |     1 |     2 |       ||     4
       Sacrifice Durabil |       |       |       |     1 |       |       |       ||     1
       Sacrifice Love    |       |       |       |       |     1 |       |       ||     1
  Use: Scroll            |     4 |     7 |     6 |     7 |     9 |    11 |     2 ||    46
       Potion            |       |       |     2 |     9 |     3 |    11 |     2 ||    27
 Stab: Sleeping          |     3 |       |       |     1 |       |       |       ||     4
       Distracted        |       |       |       |     2 |     6 |     6 |       ||    14
       Paralysed         |       |       |       |     4 |     8 |    34 |    14 ||    60
       Invisible         |       |       |       |     1 |     8 |    18 |     4 ||    31
       Petrified         |       |       |       |       |     1 |       |       ||     1
Armor: Robe              |    28 |    27 |    34 |       |       |       |       ||    89
       Steam dragon scal |       |       |    28 |    71 |   180 |   177 |    43 ||   499
Dodge: Dodged            |    39 |    37 |    41 |    73 |   206 |   410 |    80 ||   886
Block: Kite shield       |    45 |    61 |       |       |       |       |       ||   106
       Tower shield      |       |     1 |   332 |   669 |  1346 |  1151 |   327 ||  3826
       Reflection        |       |       |     3 |    22 |    27 |    96 |    13 ||   161

Table legend: (Time is in decaauts)
 A = Elapsed time spent in this place.
 B = Non-inter-level travel time spent in this place.
 C = Inter-level travel time spent in this place.
 D = Time resting spent in this place.
 E = Time spent auto-exploring this place.
 F = Levels seen in this place.
 G = Mean time per level.
                   A        B        C        D        E       F      G
               +--------+--------+--------+--------+--------+-----+--------+
         Total |  46724 |  44142 |   2582 |  14695 |  21658 |  39 | 1198.1 |
       Dungeon |  13867 |  12533 |   1334 |   1321 |   8451 |  15 |  924.5 |
        Temple |     58 |     44 |     14 |      0 |     42 |   1 |   58.0 |
          Lair |   8445 |   7787 |    658 |   1813 |   4659 |   6 | 1407.5 |
         Swamp |   4075 |   3879 |    196 |   1018 |   2106 |   4 | 1018.8 |
     Snake Pit |  12196 |  12049 |    147 |   7683 |   3341 |   4 | 3049.0 |
  Orcish Mines |   3345 |   3279 |     66 |   1779 |    998 |   2 | 1672.5 |
        Vaults |   3013 |   2848 |    165 |    438 |   1706 |   3 | 1004.3 |
         Sewer |    290 |    290 |      0 |      0 |    144 |   1 |  290.0 |
       Ossuary |    186 |    186 |      0 |      0 |    113 |   1 |  186.0 |
        Bailey |    608 |    608 |      0 |    180 |     73 |   1 |  608.0 |
      Ice Cave |    637 |    637 |      0 |    461 |     24 |   1 |  637.0 |
               +--------+--------+--------+--------+--------+-----+--------+

Top non-repeatable levels by time:
 Snake:1: 4807 daAuts
 Snake:2: 4775 daAuts
  Lair:2: 3169 daAuts
   Orc:1: 2289 daAuts
    D:10: 1852 daAuts
 Snake:4: 1774 daAuts
  Lair:6: 1585 daAuts
 Swamp:3: 1579 daAuts
Vaults:2: 1455 daAuts
    D:15: 1419 daAuts
Vaults:1: 1367 daAuts
    D:12: 1170 daAuts
 Swamp:4: 1114 daAuts
   Orc:2: 1056 daAuts
  Lair:4: 965 daAuts
